 Dungeon Crawl Stone Soup version 0.29.1-15-g9cfb28693d (webtiles) character file.

Game seed: 17054259500924343118

140 protoss039 the Digger (level 5, 7/39 HPs)
             Began as a Demonspawn Earth Elementalist on Feb 27, 2023.
             Got out of the dungeon alive.
             The game lasted 00:02:14 (1220 turns).

protoss039 the Digger (DsEE)                        Turns: 1220, Time: 00:02:14

Health: 7/39       AC:  6    Str:  8    XL:     5   Next: 2%
Magic:  7/9        EV: 12    Int: 18    God:
Gold:   47         SH:  0    Dex: 14    Spells: 7/10 levels left

rFire   . . .      SeeInvis .   e - +0 dagger
rCold   . . .      Faith    .   (no shield)
rNeg    . . .      Spirit   .   k - +1 robe {Will+}
rPois   .          Reflect  .   i - +0 helmet
rElec   .          Harm     .   (no cloak)
rCorr   .          Rampage  .   (no gloves)
Will    +....                   (no boots)
Stlth   ++........              (no amulet)
HPRegen 0.13/turn               (no ring)
MPRegen 0.11/turn               (no ring)

@: no status effects
A: slimy green scales 1, ignite blood 1, demonic magic 1, weakness stinger 1
a: no special abilities


You escaped.
You visited 1 branch of the dungeon, and saw 2 of its levels.

You collected 47 gold pieces.

Inventory:

Hand Weapons
 e - a +0 dagger (weapon)
Armour
 i - a +0 helmet (worn)
 k - a +1 robe of willpower (worn)
Magical Staves
 f - a staff of death
Scrolls
 c - a scroll of vulnerability {unknown}
 h - a scroll of immolation {unknown}
 j - a scroll of torment {unknown}
Potions
 b - a potion of magic
 d - a potion of brilliance {unknown}
 g - a potion of berserk rage {unknown}


   Skills:
 + Level 2.5 Fighting
 - Level 1.7 Dodging
 - Level 1.7 Stealth
 + Level 3.2 Spellcasting
 - Level 0.8 Transmutations
 + Level 3.7 Earth Magic


You had 7 spell levels left.
You knew the following spells:

 Your Spells              Type           Power      Damage    Failure   Level
a - Sandblast             Erth           32%        2d9       3%          1
b - Passwall              Tmut/Erth      9%         N/A       10%         2

Your spell library contained the following spells:

 Spells                   Type           Power      Damage    Failure   Level
 Stone Arrow              Conj/Erth      18%        3d8       22%         3
 Petrify                  Tmut/Erth      11%        N/A       52%         4


Dungeon Overview and Level Annotations

Branches:
Dungeon (2/15) Zot: 10757

Altars:


Innate Abilities, Weirdness & Mutations

You are partially covered in slimy green scales. (AC +2)
Your demonic aura sometimes causes spilled blood to erupt in flames.
Spells you cast may paralyse adjacent enemies.
You have a small tail.


Message History

Natasha claws you!
* * * LOW HITPOINT WARNING * * *
Casting: Sandblast (safe; 3% risk of failure)
Confirm with . or Enter, or press ? or * to list all spells.
Aiming: Sandblast (safe; 3% risk of failure)
Press: ? - help, Shift-Dir - straight line, f/p - Natasha
Aim: Natasha (moderately wounded, 77% to hit)
The blast of sand hits Natasha!
Natasha is almost dead.
Natasha claws you.
* * * LOW HITPOINT WARNING * * *
Natasha stares at you and mumbles some strange words.
The magic dart hits you but does no damage.
Unknown command.
Casting: Sandblast (safe; 3% risk of failure)
Confirm with . or Enter, or press ? or * to list all spells.
Aiming: Sandblast (safe; 3% risk of failure)
Press: ? - help, Shift-Dir - straight line, f/p - Natasha
Aim: Natasha (almost dead, 77% to hit)
The blast of sand hits Natasha!
You kill Natasha!
Natasha screams in fury as she dies!
The white imp disappears in a puff of smoke!
You have reached level 5!
Your demonic ancestry asserts itself...
A menacing aura infuses your magic.
You see here a +0 whip.
You see here a +0 spear.
There is an escape hatch in the ceiling here.
A mysterious force pulls you upwards. The hatch slams shut behind you.
(D) Dungeon
Where to? (Enter - D:1 @ (x,y), ? - help)
Okay, then.
You see here a +0 leather armour.
You open the door.
There is an open door here.
There is a dry fountain here.
There is a staircase leading out of the dungeon here.
Are you sure you want to leave the Dungeon?
This will make you lose the game!
You have escaped!

#.##...# ##.#.#
###.##...######....####
............##........#
.##.#######...........#
###.# #...##'##...# #.#
#.).#.(.#...# #.#
#.###.⌠.###.# ###.#
#.#.......#.# .##.#
#.#.⌠.@.⌠.#.# .##.#
#.#.......#.# .##.##
#.###.⌠.###.######
.#.#.######...#...#........#
..###.........##'##.....##.#
...#.#####.............###.#
..#.#### ##.######.##### #.#
.......# #.# #.# #.#
..#.##.# #.# #.# #.#


There were no monsters in sight!

Vanquished Creatures
  Jessica (D:2)
  Natasha (twice) (D:2)
  4 gnolls (D:2)
  3 worms (D:2)
  A bat (D:1)
  2 endoplasms
  2 goblins (D:1)
  3 hobgoblins
  A ball python (D:1)
  3 frilled lizards
  A kobold (D:1)
  A rat (D:1)
24 creatures vanquished.

Vanquished Creatures (others)
  4 toadstools (D:2)
4 creatures vanquished.

Grand Total: 28 creatures vanquished

Notes
Turn   | Place    | Note
-------+----------+-------------------------------------------
     0 | D:1      | protoss039 the Demonspawn Earth Elementalist began the
                  | quest for the Orb.
     0 | D:1      | Reached XP level 1. HP: 13/13 MP: 3/3
   446 | D:1      | Gained mutation: You have a small tail. [demonic ancestry]
   446 | D:1      | Reached XP level 2. HP: 20/20 MP: 1/5
   653 | D:1      | Found a faded altar of an unknown god.
   765 | D:1      | Learned a level 2 spell: Passwall
   792 | D:2      | Reached skill level 1 in Fighting
   844 | D:2      | Noticed Jessica
   851 | D:2      | Killed Jessica
   852 | D:2      | Gained mutation: You are partially covered in slimy green
                  | scales. (AC +2) [demonic ancestry]
   852 | D:2      | Reached XP level 3. HP: 23/26 MP: 0/6
   981 | D:2      | Noticed Natasha
   985 | D:2      | Killed Natasha
   986 | D:2      | Gained mutation: Your demonic aura sometimes causes spilled
                  | blood to erupt in flames. [demonic ancestry]
   986 | D:2      | Reached XP level 4. HP: 33/33 MP: 3/8
  1104 | D:2      | Noticed Natasha
  1173 | D:2      | HP: 1/34 [Natasha (1)]
  1174 | D:2      | Killed Natasha
  1175 | D:2      | Gained mutation: Spells you cast may paralyse adjacent
                  | enemies. [demonic ancestry]
  1175 | D:2      | Reached XP level 5. HP: 1/39 MP: 2/9
  1220 | D:$      | Got out of the dungeon alive.

Illustrated notes

Levels and vault maps discovered:
D:1:      dpeg_arrival_simpleton_c, layout_loops_ring,
          ebering_ecumenical_altar_webs, serial_glass, glass_columns_a,
          glass_columns_b, minmay_pentomino_z4
D:2:      layout_basic, minmay_gold_behind_fungi, uniq_jessica, uniq_natasha

Skill      XL: |  1  2  3  4 |
---------------+-------------+-----
Fighting       | 1 2 |  2.5
Earth Magic    | 3 |  3.7
Spellcasting   | 3 |  3.2
Dodging        | |  1.7
Stealth        | |  1.7
Transmutations | |  0.8

Action                   |  1- 3 |  4- 6 || total
-------------------------+-------+-------++-------
Melee: Dagger            |     4 |       ||     4
 Cast: Sandblast         |    28 |    19 ||    47
Armor: Robe              |     2 |     4 ||     6
Dodge: Dodged            |     7 |     4 ||    11
